 Dungeon Crawl Stone Soup version 0.28-a0-410-gbef64dd269 (webtiles) character file.

Game seed: 12981818133927373481

226 dolemite99 the Shooter (level 5, 0/46 HPs)
             Began as a Minotaur Hunter on Sept 6, 2021.
             Was an Initiate of Gozag.
             Slain by a gnoll (10 damage)
             ... on level 4 of the Dungeon.
             The game lasted 00:06:59 (4611 turns).

dolemite99 the Shooter (Minotaur Hunter)            Turns: 4611, Time: 00:07:00

Health: 0/46       AC:  6    Str: 18    XL:     5   Next: 69%
Magic:  4/4        EV: 10    Int:  8    God:    Gozag
Gold:   427        SH:  0    Dex: 10    Spells: 4/4 levels left

rFire   . . .      SeeInvis .   a - +1 shortbow
rCold   . . .      Faith    .   (shield currently unavailable)
rNeg    . . .      Spirit   .   w - +0 scale mail
rPois   .          Reflect  .   (helmet restricted)
rElec   .          Harm     .   (no cloak)
rCorr   .          Rampage  .   (no gloves)
Will    .....                   (no boots)
Stlth   ..........              (no amulet)
HPRegen 0.15/turn               (no ring)
MPRegen 0.09/turn               (no ring)

@: no status effects
A: horns 2, retaliatory headbutt
a: Renounce Religion, Potion Petition, Call Merchant, Bribe Branch


You were on level 4 of the Dungeon.
You worshipped Gozag.
Gozag was aware of your devotion.
You visited 1 branch of the dungeon, and saw 4 of its levels.

You collected 427 gold pieces.

Inventory:

Hand Weapons
 a - a +1 shortbow (weapon)
 b - a +0 dagger of draining
 q - a +0 short sword
 u - a +0 dagger
 B - a +0 trident
Missiles
 d - 41 arrows (quivered ammo)
 e - 8 javelins
 r - 87 stones
 s - 62 bolts
 A - 22 sling bullets
 F - 2 poisoned darts
Armour
 m - a +0 ring mail
 w - a +0 scale mail (worn)
Magical Staves
 c - a staff of conjuration
 o - a staff of air
Jewellery
 C - a ring of fire
Wands
 y - a wand of paralysis (9)
 H - a wand of polymorph (7)
Scrolls
 g - 2 scrolls of teleportation {unknown}
 j - 2 scrolls of brand weapon {unknown}
 k - a scroll of summoning {unknown}
 l - 2 scrolls of identify {unknown}
 t - a scroll of blinking {unknown}
 v - a scroll of acquirement {unknown}
 x - a scroll of fear {unknown}
 z - a scroll of enchant weapon {unknown}
 E - a scroll of immolation {unknown}
 G - a scroll of holy word {unknown}
Potions
 f - 4 potions of might {unknown}
 h - a potion of cancellation {unknown}
 i - 3 potions of mutation {unknown}
 n - a potion of heal wounds {unknown}
 p - a potion of curing {unknown}
 D - a potion of ambrosia {unknown}
 I - a potion of flight {unknown}
 J - a potion of magic {unknown}


   Skills:
 - Level 4.0 Fighting
 - Level 3.3 Short Blades
 - Level 5.3 Bows
 - Level 0.8 Throwing
 + Level 2.6 Armour
 - Level 2.1 Dodging
 - Level 0.7 Stealth


You had 4 spell levels left.
You didn't know any spells.
Your spell library contained the following spells:

 Spells                   Type           Power      Damage    Failure   Level
 Apportation              Tloc           0%         N/A       80%         1
 Ensorcelled Hibernation  Hex/Ice        0%         N/A       91%         2
 Tukima's Dance           Hex            0%         N/A       99%         3
 Alistair's Intoxication  Tmut/Pois      0%         N/A       100%        5
 Invisibility             Hex            0%         N/A       100%        6


Dungeon Overview and Level Annotations

Branches:
Dungeon (4/15)
 Temple: D:4-7

Altars:
Gozag

Shops:
D:1 (   D:3 (=!


Innate Abilities, Weirdness & Mutations

You have a pair of horns on your head.
You reflexively headbutt those who attack you in melee.


Message History

You shoot an arrow. The arrow closely misses the gnoll.
The arrow hits the gnoll but does no damage.
The gnoll is almost dead.
The gnoll hits you from afar with a +0 spear!
The kobold hits you but does no damage.
Fire: 45 arrows
Press: ? - help, Q - select action, (/) - cycle Shift-Dir - straight line, f/p - gnoll
Aim: a gnoll, wielding a +0 flail (almost dead, 65% to hit)
You shoot an arrow. The arrow hits the gnoll.
The gnoll is lightly wounded.
The gnoll barely misses you. The gnoll hits you with a +0 flail.
The kobold hits you but does no damage.
Fire: 44 arrows
Press: ? - help, Q - select action, (/) - cycle Shift-Dir - straight line, f/p - gnoll
Aim: a gnoll, wielding a +0 flail (almost dead, 65% to hit)
You shoot an arrow. The arrow hits the gnoll.
The gnoll is moderately wounded.
The gnoll hits you from afar with a +0 spear.
* * * LOW HITPOINT WARNING * * *
The gnoll hits you with a +0 flail.
* * * LOW HITPOINT WARNING * * *
The kobold hits you but does no damage.
Fire: 43 arrows
Press: ? - help, Q - select action, (/) - cycle Shift-Dir - straight line, f/p - gnoll
Aim: a gnoll, wielding a +0 flail (almost dead, 65% to hit)
You shoot an arrow. The arrow hits the gnoll.
The gnoll is severely wounded.
The gnoll hits you but does no damage. The gnoll barely misses you.
The kobold hits you with a +0 dagger.
* * * LOW HITPOINT WARNING * * *
Fire: 42 arrows
Press: ? - help, Q - select action, (/) - cycle Shift-Dir - straight line, f/p - gnoll
Aim: a gnoll, wielding a +0 flail (almost dead, 65% to hit)
You shoot an arrow. The arrow hits the gnoll.
The gnoll is severely wounded.
The gnoll hits you from afar with a +0 spear.
* * * LOW HITPOINT WARNING * * *
The gnoll hits you with a +0 flail!
You die...
Your body crumbles into a pile of gold.

.....###..######...
#....###..........#
##....#..........#
#.....#.....<....#
##.............#
...............#
#.##......(...###
## #..........gK##
#...........gg@#
..........#..#.###
##........######
###........
.........#
...#....# #..


You could see 3 gnolls and a kobold.

Vanquished Creatures
  2 hounds
  Terence (D:2)
  4 adders
  An adder skeleton (D:4)
  4 worms
  5 dart slugs
  An orc (D:3)
  11 bats
  5 endoplasms
  5 giant cockroaches
  6 hobgoblins
  4 jackals
  10 kobolds
  3 quokkas
  A ball python (D:2)
  3 frilled lizards (D:1)
  7 goblins
  8 rats
81 creatures vanquished.

Notes
Turn   | Place    | Note
-------+----------+-------------------------------------------
     0 | D:1      | dolemite99 the Minotaur Hunter began the quest for the Orb.
     0 | D:1      | Reached XP level 1. HP: 18/18 MP: 0/0
   247 | D:1      | Reached XP level 2. HP: 26/26 MP: 1/1
   562 | D:1      | Found Naliple's Antique Weapon Shoppe.
   906 | D:1      | Found a faded altar of an unknown god.
   910 | D:1      | Became a worshipper of Gozag Ym Sagoz the Greedy
  1074 | D:2      | Reached XP level 3. HP: 33/33 MP: 2/2
  1136 | D:2      | Reached skill level 5 in Bows
  1961 | D:2      | Reached XP level 4. HP: 40/40 MP: 3/3
  2128 | D:2      | Noticed Terence
  2152 | D:2      | Killed Terence
  2912 | D:3      | Reached XP level 5. HP: 46/46 MP: 4/4
  3466 | D:3      | Found Jurhoupp's Jewellery Shop.
  3548 | D:3      | Found Lahofoacs's Distillery.
  3565 | D:3      | Found Ocojeuss's Weapon Boutique.
  4117 | D:4      | Reached skill level 1 in Armour
  4611 | D:4      | Slain by a gnoll

Illustrated notes

Levels and vault maps discovered:
D:1:      dpeg_arrival_arbitrary_b, layout_loops_ring, serial_shops, shop,
          hellmonk_ecumenical_altar_heavens_door, kennysheep_another_room
D:2:      layout_loops_ring, serial_forest, infiniplex_forest_lined_ring,
          infiniplex_forest_end_2, infiniplex_forest_lined_1,
          infiniplex_forest_lined_2, infiniplex_forest_lined_room_2,
          uniq_terence
D:3:      minmay_angry_zag, layout_basic, serial_shops, shop_fountains, shop,
          nicolae_lakefront_shop, grunt_decor_arrowhead
D:4:      layout_cave_pools, eino_small_chamber_without_monster,
          nicolae_shop_sticking_my_neck_out

Skill      XL: |  1  2  3  4  5 |
---------------+----------------+-----
Fighting       | 3 4 |  4.0
Bows           | 5 |  5.3
Short Blades   | 3 |  3.3
Armour         | 2 |  2.6
Throwing       | |  0.8
Dodging        | |  2.1
Stealth        | |  0.7

Action                   |  1- 3 |  4- 6 || total
-------------------------+-------+-------++-------
Melee: Short sword       |    66 |     4 ||    70
       Headbutt          |    11 |     3 ||    14
       Dagger            |     5 |    32 ||    37
 Fire: Shortbow          |    30 |    63 ||    93
Throw: Javelin           |     8 |    19 ||    27
Armor: Leather armour    |    12 |       ||    12
       Ring mail         |    12 |     2 ||    14
       Scale mail        |       |    25 ||    25
Dodge: Dodged            |    59 |    45 ||   104

Table legend: (Time is in decaauts)
 A = Elapsed time spent in this place.
 B = Non-inter-level travel time spent in this place.
 C = Inter-level travel time spent in this place.
 D = Time resting spent in this place.
 E = Time spent auto-exploring this place.
 F = Levels seen in this place.
 G = Mean time per level.
                   A        B        C        D        E       F      G
               +--------+--------+--------+--------+--------+-----+--------+
         Total |   4593 |   4536 |     57 |   1680 |   1828 |   4 | 1148.2 |
       Dungeon |   4593 |   4536 |     57 |   1680 |   1828 |   4 | 1148.2 |
               +--------+--------+--------+--------+--------+-----+--------+

Top non-repeatable levels by time:
     D:2: 1741 daAuts
     D:3: 1082 daAuts
     D:1: 1034 daAuts
     D:4: 735 daAuts
